 Dungeon Crawl Stone Soup version 0.21.1-1-g345015f (webtiles) character file.

130 inc the Changer (level 4, 0/19 HPs)
             Began as a Felid Transmuter on Feb 21, 2018.
             Slain by a scorpion (8 damage)
             ... in an ossuary.
             The game lasted 00:08:04 (5169 turns).

inc the Changer (Felid Transmuter)                  Turns: 5169, Time: 00:08:05

Health: 0/19       AC:  1    Str:  6    XL:     4   Next: 89%
Magic:  8/8        EV: 18    Int: 16    God:
Gold:   172        SH:  0    Dex: 16    Spells: 2/7 levels left
                                        Lives:  0   Deaths: 1

rFire    x . .     SeeInvis +     - Unarmed
rCold    + . .     Gourm    .   (shield unavailable)
rNeg     + . .     Faith    .   (armour unavailable)
rPois    .         Spirit   .   (helmet unavailable)
rElec    .         Reflect  .   (cloak unavailable)
rCorr    .         Harm     .   (gloves unavailable)
MR       .....                  (boots unavailable)
Stlth    ++........             (no amulet)
HPRegen  0.06/turn              e - ring of positive energy
MPRegen  0.11/turn              g - ring of ice

@: appendage, quick
A: very small, no armour, no weapons or thrown items, stealth, claws 1, fangs 3,
horns 2, see invisible, carnivore, speed 1, shaggy fur 1, slow metabolism 1,
sharp paws
a: End Transformation


You were in an ossuary.
You were not hungry.
You had grown temporary horns.
You visited 1 branch of the dungeon, and saw 4 of its levels.
You also visited: Ossuary.

You collected 172 gold pieces.

Inventory:

Missiles
 a - 87 arrows
Jewellery
 e - a ring of positive energy (left paw)
 g - a ring of ice (right paw)
 o - an uncursed ring of wizardry {unknown}
 p - an uncursed ring of protection from magic {unknown}
Wands
 l - a wand of disintegration (23)
Scrolls
 f - 4 scrolls of remove curse
 i - a scroll of enchant weapon {unknown}
 j - a scroll of teleportation {unknown}
 m - a scroll of amnesia
Potions
 d - a potion of degeneration {unknown}
 h - a potion of invisibility {unknown}
 k - a potion of cancellation {unknown}
 n - a potion of curing {unknown}
Books
 b - a book of Changes

   Spells                             Type                      Level
   a - Beastly Appendage              Transmutation                1
   b - Sticks to Snakes               Transmutation                2
   c - Spider Form                    Transmutation/Poison         3
   d - Ice Form                       Ice/Transmutation            4
   e - Blade Hands                    Transmutation                5
Comestibles
 c - 5 rations


   Skills:
 - Level 1.0 Fighting
 - Level 2.6 Dodging
 - Level 4.2 Unarmed Combat
 - Level 2.0 Spellcasting
 + Level 4.4 Transmutations
 + Level 2.7 Ice Magic


You had 2 spell levels left.
You knew the following spells:

 Your Spells              Type           Power        Failure   Level  Hunger
a - Beastly Appendage     Tmut           ###...       3%          1    #......
b - Ice Form              Ice/Tmut       ###.....     43%         4    #####..


Dungeon Overview and Level Annotations

Branches:
Dungeon (4/15)
 Temple: D:4-7

Altars:
The Shining One


Innate Abilities, Weirdness & Mutations

You cannot wear armour.
You are incapable of wielding weapons or throwing items.
Your paws allow you to move quietly. (Stealth)
You have sharp claws.
You have razor-sharp teeth.
You have supernaturally acute eyesight. (SInv)
You are carnivorous and can eat meat at any time.
You cover ground quickly.
You are covered in fur. (AC +1)
You have a slow metabolism.
Your sharp claws are effective at attacking unaware monsters.
You have a pair of horns on your head.


Message History

The scorpion is moderately wounded.
The scorpion misses you.
You scratch the scorpion but do no damage.
Your headbutt misses the scorpion.
The scorpion is moderately wounded.
The scorpion closely misses you.
You scratch the scorpion but do no damage.
The scorpion is moderately wounded.
The scorpion completely misses you.
You scratch the scorpion.
The scorpion is severely wounded.
The scorpion misses you.
You scratch the scorpion but do no damage.
The scorpion is severely wounded.
The scorpion closely misses you.
You barely miss the scorpion.
You headbutt the scorpion, but do no damage.
The scorpion is severely wounded.
The scorpion stings you!
You die...

#.!.#...#...#...#
+?.!#.^.s...8...#
#!.!#...#Z......#
##############8†..8##
#...#...#...#.......#
#.∩.'...8...#...8...#
#...#.......#...#...#
##'###8...8###s######
#...#.......#@^^#Z!!#
#.∩.#...8...'...#?.?'.
#...#...#...#^^.#?.=#s
#####################


You could see a scorpion and a human zombie.

Vanquished Creatures
  A howler monkey (D:4)
  A centaur zombie (Ossuary)
  A human zombie (Ossuary)
  Robin (D:2)
  A scorpion zombie (Ossuary)
  3 adders (D:2)
  An ooze (D:1)
  A worm (D:3)
  A dart slug (D:1)
  2 leopard geckos (D:1)
  2 orcs (D:3)
  3 giant cockroaches
  2 gnoll zombies (Ossuary)
  14 goblins
  4 hobgoblins
  A quokka (D:3)
  A ball python (D:1)
  7 bats
  7 frilled lizards
  5 kobolds
  A kobold zombie (Ossuary)
  A quokka zombie (D:3)
  3 rats (D:3)
64 creatures vanquished.

Vanquished Creatures (others)
  A human zombie (Ossuary)
  An orc zombie (Ossuary)
2 creatures vanquished.

Grand Total: 66 creatures vanquished

Notes
Turn   | Place    | Note
-------+----------+-------------------------------------------
     0 | D:1      | inc the Felid Transmuter began the quest for the Orb.
     0 | D:1      | Reached XP level 1. HP: 9/9 MP: 4/4
   438 | D:1      | Reached XP level 2. HP: 8/12 MP: 4/6
   753 | D:1      | Reached XP level 3. HP: 15/15 MP: 7/7
  1733 | D:2      | Found a glowing golden altar of the Shining One.
  1945 | D:2      | Noticed Robin
  2312 | D:3      | Noticed a two-headed ogre
  2409 | D:2      | Killed Robin
  2409 | D:2      | Reached XP level 4. HP: 17/19 MP: 6/8
  2828 | D:2      | Learned a level 4 spell: Ice Form
  3612 | D:3      | Reached skill level 1 in Ice Magic
  4173 | D:4      | Reached XP level 5. HP: 7/22 MP: 7/9
  4488 | D:4      | Found a sand-covered staircase.
  4494 | Ossuary  | Entered an ossuary
  4573 | Ossuary  | HP: 1/22 [human zombie (6)]
  5133 | Ossuary  | Slain by a centaur zombie
  5134 | Ossuary  | Reached XP level 4. HP: -4/19 MP: 8/8
  5169 | Ossuary  | Slain by a scorpion

Skill      XL: |  1  2  3  4  5 |
---------------+----------------+-----
Unarmed Combat | 4 |  4.2
Transmutations | 3 4 |  4.4
Ice Magic      | 2 |  2.7
Fighting       | |  1.0
Dodging        | |  2.6
Spellcasting   | |  2.0

Action                   |  1- 3 |  4- 6 || total
-------------------------+-------+-------++-------
Melee: Unarmed           |   102 |   126 ||   228
       Headbutt          |    12 |    16 ||    28
       Bite              |     6 |    12 ||    18
       Punch             |     1 |     3 ||     4
 Cast: Beastly Appendage |    20 |    17 ||    37
  Use: Scroll            |       |     2 ||     2
 Stab: Sleeping          |     6 |       ||     6
  Eat: Chunk             |     5 |     1 ||     6
       Ration            |       |     1 ||     1
Armor: Skin              |     4 |     3 ||     7
Dodge: Dodged            |    81 |    77 ||   158
